 Dungeon Crawl Stone Soup version 0.28-a0-1524-ge72afd5fc6 (webtiles) character file.

Game seed: 16365177307432249713

41 knot the Chopper (level 3, 0/29 HPs)
             Began as a Demonspawn Berserker on Jan 18, 2022.
             Was a Follower of Trog.
             Killed from afar by Sigmund (8 damage)
             ... with a magic dart
             ... on level 2 of the Dungeon.
             The game lasted 00:02:14 (1975 turns).

knot the Chopper (Demonspawn Berserker)             Turns: 1975, Time: 00:02:14

Health: 0/29       AC:  6    Str: 15 (17) XL:     3   Next: 32%
Magic:  3/3        EV: 10    Int:  7 (10) God:    Trog [*.....]
Gold:   82         SH:  0    Dex: 11 (12) Spells: 2/2 levels left

rFire   . . .      SeeInvis .   a - +0 hand axe
rCold   . . .      Faith    .   (no shield)
rNeg    . . .      Spirit   .   l - +0 ring mail
rPois   .          Reflect  .   (no helmet)
rElec   .          Harm     .   (no cloak)
rCorr   .          Rampage  .   (no gloves)
Will    .....                   h - +0 pair of boots
Stlth   ..........              (no amulet)
HPRegen 0.09/turn               (no ring)
MPRegen 0.08/turn               (no ring)

@: confused
A: powered by death 1, weakness stinger 1
a: Renounce Religion, Berserk


You were on level 2 of the Dungeon.
You worshipped Trog.
Trog was aware of your devotion.
You visited 1 branch of the dungeon, and saw 2 of its levels.

You collected 82 gold pieces.

Inventory:

Hand Weapons
 a - a +0 hand axe (weapon)
Missiles
 e - 51 sling bullets
 j - 22 stones (quivered)
Armour
 h - a +0 pair of boots (worn)
 l - a +0 ring mail (worn)
Scrolls
 f - a scroll of identify {unknown}
 g - a scroll of teleportation {unknown}
 k - a scroll of fear {unknown}


   Skills:
 - Level 3.0 Fighting
 + Level 4.0 Axes
 - Level 1.7 Armour
 - Level 1.7 Dodging


You had 2 spell levels left.
You didn't know any spells.
Your spell library was empty.

Dungeon Overview and Level Annotations

Branches:
Dungeon (2/15)

Altars:

Annotations:
D:2 Sigmund


Innate Abilities, Weirdness & Mutations

You regenerate a little health from kills.
You have a small tail.


Message History

Something hits you but does no damage.
It was a potion of degeneration.
There was something very wrong with that liquid.
You feel weakened.
You feel dopey.
You feel clumsy.
You cannot move. (Use ctrl+direction or * direction to attack without moving.)
You cannot move. (Use ctrl+direction or * direction to attack without moving.)
You swing at nothing.
You feel less confused.
You hear some strange, mumbled words.
A puff of flame appears from out of thin air!
The puff of flame hits you but does no damage.
Unknown command.
You cannot move.
Something hits you. Something hits you but does no damage.
Unknown command.
Your transformation is almost over.
Something hits you but does no damage.
Unknown command.
Something hits you but does no damage. Something hits you but does no damage.
You hear some strange, mumbled words.
Something tries to affect you, but you resist.
Something hits you but does no damage. Something hits you!
A magic dart appears from out of thin air!
The magic dart hits you but does no damage.
You feel less wooden.
Your +0 pair of boots unmelds from your body.
Your +0 ring mail unmelds from your body.
Something hits you.
* * * LOW HITPOINT WARNING * * *
Unknown command.
Okay, then.
You are confused.
Something tries to affect you, but you resist.
You bump into the rock wall.
A magic dart appears from out of thin air!
The magic dart hits you!
You die...

.........###.# .##
.. #.## ....
#..##...## #.#
..##.##..##.... #.
##..# #.#
.........#.... ##.#
#.# #............
#.####.###
#............
#........#
#............
######.#.#
#...).†......
#...####............
##.@....{...........
##...##............
##..###......#....
#..###......###..
#...#.......# ##
#.....###.#...
..#.### #.#.###
..##.# #.#.# .#. .#


There were no monsters in sight!

Vanquished Creatures
  An adder (D:2)
  A dart slug (D:1)
  A bat (D:1)
  5 endoplasms
  4 goblins
  4 hobgoblins (D:1)
  2 quokkas (D:1)
  4 ball pythons (D:1)
  A frilled lizard (D:2)
  A kobold (D:2)
  A rat (D:2)
25 creatures vanquished.

Vanquished Creatures (others)
  5 demonic plants (D:1)
  4 withered plants (D:1)
9 creatures vanquished.

Grand Total: 34 creatures vanquished

Notes
Turn   | Place    | Note
-------+----------+-------------------------------------------
     0 | D:1      | knot the Demonspawn Berserker began the quest for the Orb.
     0 | D:1      | Reached XP level 1. HP: 18/18 MP: 1/1
   176 | D:1      | Reached skill level 3 in Axes
   614 | D:1      | Gained mutation: You have a small tail. [demonic ancestry]
   614 | D:1      | Reached XP level 2. HP: 16/24 MP: 2/2
  1168 | D:1      | Found a faded altar of an unknown god.
  1812 | D:2      | Gained mutation: You regenerate a little health from kills.
                  | [demonic ancestry]
  1812 | D:2      | Reached XP level 3. HP: 27/28 MP: 3/3
  1858 | D:2      | Identified the +10 spear "Duniunun" {pain, Int+3}
  1863 | D:2      | Reached skill level 4 in Axes
  1937 | D:2      | Noticed Sigmund
  1975 | D:2      | Killed from afar by Sigmund

Illustrated notes

Levels and vault maps discovered:
D:1:      dpeg_arrival_three_bigger_balls, layout_basic,
          shapermc_ecumenical_altar_gd
D:2:      layout_rooms, uniq_sigmund

Skill      XL: |  1  2  3 |
---------------+----------+-----
Axes           | 3 4 |  4.0
Fighting       | |  3.0
Armour         | |  1.7
Dodging        | |  1.7

Action                   || total
-------------------------++-------
Melee: Hand axe          ||    85
       Punch             ||     2
       Tailslap          ||     7
Invok: Berserk           ||     2
  Use: Potion            ||     3
 Stab: Sleeping          ||     1
Armor: Animal skin       ||    10
       Ring mail         ||     2
       Skin              ||     8
Dodge: Dodged            ||    47

Table legend: (Time is in decaauts)
 A = Elapsed time spent in this place.
 B = Non-inter-level travel time spent in this place.
 C = Inter-level travel time spent in this place.
 D = Time resting spent in this place.
 E = Time spent auto-exploring this place.
 F = Levels seen in this place.
 G = Mean time per level.
                   A        B        C        D        E       F      G
               +--------+--------+--------+--------+--------+-----+--------+
         Total |   2007 |   1842 |    165 |    602 |    995 |   2 | 1003.5 |
       Dungeon |   2007 |   1842 |    165 |    602 |    995 |   2 | 1003.5 |
               +--------+--------+--------+--------+--------+-----+--------+

Top non-repeatable levels by time:
     D:1: 1799 daAuts
     D:2: 207 daAuts
